 Dungeon Crawl Stone Soup version 0.27.1 (webtiles) character file.

Game seed: 15624780720004466625

1376 Malachi the Transmogrifier (level 8, -1/64 HPs)
             Began as a Naga Transmuter on Aug 21, 2021.
             Was a Follower of Cheibriados.
             Succumbed to a killer bee's poison
             ... on level 5 of the Dungeon.
             The game lasted 00:09:51 (4969 turns).

Malachi the Transmogrifier (Naga Transmuter)        Turns: 4969, Time: 00:09:52

Health: -1/64      AC:  2    Str: 14    XL:     8   Next: 66%
Magic:  11/11      EV: 23    Int: 18    God:    Cheibriados [*.....]
Gold:   200        SH:  0    Dex: 19    Spells: 3/11 levels left

rFire    . . .     SeeInvis +     - Unarmed
rCold    . . .     Faith    .   (shield currently unavailable)
rNeg     . . .     Spirit   .   (armour currently unavailable)
rPois    x         Reflect  .   (helmet currently unavailable)
rElec    .         Harm     .   (cloak currently unavailable)
rCorr    .         Rampage  .   (gloves currently unavailable)
Will     +....                  (no barding)
Stlth    ++........             k - amulet of magic regeneration
HPRegen  0.20/turn              g - +4 ring of evasion
MPRegen  0.37/turn              (no ring)

@: brilliant, lethally poisoned (-1 -> -8), spider-form, very slow
A: venomous fangs, AC +2, tiny, see invisible, (deformed body), (poison
resistance), (slowness 2), spit poison 1, (naga tail 1)
a: Spit Poison, End Transformation, Renounce Religion, Bend Time


You were on level 5 of the Dungeon.
You worshipped Cheibriados.
Cheibriados was aware of your devotion.
You were a venomous arachnid creature.
You visited 1 branch of the dungeon, and saw 5 of its levels.

You collected 200 gold pieces.

Inventory:

Hand Weapons
 m - a +1 dagger of electrocution (melded)
Armour
 a - a +1 robe (melded)
Magical Staves
 n - a staff of cold
Jewellery
 g - a +4 ring of evasion (left front leg)
 k - an amulet of magic regeneration (around neck)
Scrolls
 b - a scroll of enchant weapon
 e - 6 scrolls of teleportation
 h - a scroll of identify
Potions
 c - a potion of brilliance
 d - 2 potions of haste
 j - a potion of curing
 l - a potion of cancellation {unknown}


   Skills:
 - Level 1.0 Fighting
 + Level 0.7 Short Blades
 - Level 1.5 Dodging
 - Level 0.7 Stealth
 - Level 4.2 Unarmed Combat
 - Level 2.0 Spellcasting
 * Level 9.1 Transmutations
 - Level 5.0 Poison Magic
 - Level 0.4 Evocations


You had 3 spell levels left.
You knew the following spells:

 Your Spells              Type           Power      Damage    Failure   Level
a - Beastly Appendage     Tmut           100%       N/A       3%          1
b - Spider Form           Tmut/Pois      20%        N/A       11%         3
c - Ice Form              Ice/Tmut       27%        N/A       50%         4

Your spell library contained the following spells:

 Spells                   Type           Power      Damage    Failure   Level
 Wereblood                Tmut           51%        N/A       4%          2
 Magic Dart               Conj           8%         1d3       38%         1
 Call Imp                 Summ           2%         N/A       47%         2
 Slow                     Hex            2%         N/A       47%         2
 Mephitic Cloud           Conj/Pois/Air  11%        N/A       50%         3
 Confusing Touch          Hex            2%         N/A       69%         3
 Yara's Violent Unravell  Hex/Tmut       13%        3d7       80%         5
 Cause Fear               Hex            1%         N/A       96%         4
 Dragon Form              Tmut           25%        N/A       99%         7
 Dragon's Call            Summ           1%         N/A       100%        9


Dungeon Overview and Level Annotations

Branches:
Dungeon (6/15)
 Temple: D:4-7

Altars:
Cheibriados
Dithmenos
Fedhas
Qazlal

Annotations:
D:6 exclusion: centaur


Innate Abilities, Weirdness & Mutations

You are a venomous arachnid creature.
You have poisonous fangs.
You are tiny and dextrous.
Your spellcasting is less reliable in this form.
Your armour is entirely melded.
You are incapable of wielding weapons or throwing items.
((Your serpentine skin is tough. (AC +2)))
You have supernaturally acute eyesight. (SInv)
((Armour fits poorly on your strangely shaped body.))
((Your system is resistant to poisons. (rPois)))
((You cover ground very slowly.))
You can spit poison.
((You have a snake-like lower body.))


Message History

The centaur zombie completely misses you.
The centaur zombie kicks you.
* * * LOW HITPOINT WARNING * * *
The killer bee completely misses you.
Blink to where?
Press: ? - help, Dir - move target
As you read the scroll of blinking, it crumbles to dust.
You feel sick.
It was a potion of brilliance.
You feel clever all of a sudden.
You feel sick.
You kill the killer bee!
Cheibriados thoroughly appreciates the change of pace.
It was a potion of curing.
You feel better.
You closely miss the killer bee. The killer bee stings you!
* * * LOW HITPOINT WARNING * * *
The killer bee misses you.
You hit the killer bee.
The killer bee is moderately wounded.
The killer bee stings you.
* * * LOW HITPOINT WARNING * * *
The centaur zombie completely misses you.
The centaur zombie barely misses you. The killer bee stings you.
* * * LOW HITPOINT WARNING * * *
You are lethally poisoned!
The killer bee poisons you!
You miss the killer bee.
The killer bee is lightly wounded.
* * * LOW HITPOINT WARNING * * *
You feel sick. The killer bee barely misses you. The killer bee misses you.
Unknown command.
You hit the killer bee but do no damage.
The killer bee is lightly wounded.
* * * LOW HITPOINT WARNING * * *
You feel sick. The killer bee stings you.
* * * LOW HITPOINT WARNING * * *
Unknown command.
You hit the killer bee but do no damage.
The killer bee is lightly wounded.
You die...

...# .#.# ##. ### ...#
#.#.########.. #.# ...######
#.#.#........###Z###. ...##...#
#.#.#..........yZ....
..###...#####.#.#......M..##M....
........'..)#.#.#......#.........
..###...#####.#.#Z.....+.....y...
..............#'#W.....#.######.#
..###...####....sy....##.# .. ..#
#...# #..........##.# .. ..#
#...# #..........##.# . ..# #...#
#..........##.# # ..# #..<#
#.............# ..# #...#
#.....>.......# ..# #####
#.............# ..#
#.............# ..#
.............#


You could see a phantom, a mummy, a killer bee and a centaur zombie.

Vanquished Creatures
  2 black bears
  3 sky beasts
  2 ogres (D:6)
  A centaur (D:5)
  A scorpion (D:6)
  A water moccasin skeleton (D:5)
  3 killer bees (D:5)
  2 bullfrog zombies
  An orc priest (D:6)
  2 jellies (D:6)
  A bullfrog skeleton (D:5)
  Jessica (D:3)
  2 iguanas (D:6)
  An orc wizard (D:3)
  A hound zombie (D:5)
  4 adders (D:6)
  2 dart slugs (D:1)
  15 orcs
  6 ball pythons
  4 endoplasms
  6 goblins
  3 hobgoblins
  3 kobolds
  4 quokkas
  3 bats
  8 frilled lizards
  5 rats
87 creatures vanquished.

Vanquished Creatures (others)
  A fungus (D:1)
1 creature vanquished.

Grand Total: 88 creatures vanquished

Notes
Turn   | Place    | Note
-------+----------+-------------------------------------------
     0 | D:1      | Malachi the Naga Transmuter began the quest for the Orb.
     0 | D:1      | Reached XP level 1. HP: 18/18 MP: 3/3
   104 | D:1      | Reached XP level 2. HP: 13/25 MP: 3/5
   840 | D:1      | Reached XP level 3. HP: 31/31 MP: 6/6
   844 | D:1      | Learned a level 3 spell: Spider Form
  1181 | D:1      | Found a faded altar of an unknown god.
  1712 | D:2      | You fall into a shaft and drop 1 floor!
  1771 | D:3      | Noticed Jessica
  1775 | D:3      | Killed Jessica
  1776 | D:3      | Reached skill level 1 in Poison Magic
  1776 | D:3      | Reached XP level 4. HP: 38/38 MP: 7/7
  1943 | D:3      | Reached skill level 3 in Transmutations
  2260 | D:3      | You fall into a shaft and drop 3 floors!
  2269 | D:6      | Noticed an ogre
  2279 | D:6      | Killed an ogre
  2280 | D:6      | Reached skill level 4 in Transmutations
  2280 | D:6      | Reached XP level 5. HP: 28/44 MP: 8/8
  2322 | D:6      | Noticed a black bear
  2331 | D:6      | Killed a black bear
  2332 | D:6      | Reached XP level 6. HP: 25/51 MP: 7/9
  2611 | D:6      | Learned a level 4 spell: Ice Form
  2709 | D:6      | Reached skill level 5 in Transmutations
  2811 | D:6      | Reached XP level 7. HP: 34/57 MP: 10/10
  3144 | D:6      | Reached skill level 6 in Transmutations
  3659 | D:6      | Found a blossoming altar of Fedhas.
  4058 | D:6      | Found a shadowy altar of Dithmenos.
  4070 | D:6      | Found a snail-covered altar of Cheibriados.
  4266 | D:6      | Became a worshipper of Cheibriados the Contemplative
  4335 | D:5      | Entered Level 5 of the Dungeon
  4349 | D:5      | Reached skill level 7 in Transmutations
  4413 | D:5      | Found a stormy altar of Qazlal.
  4447 | D:5      | Reached XP level 8. HP: 47/64 MP: 11/11
  4595 | D:5      | Reached skill level 5 in Poison Magic
  4600 | D:5      | Reached skill level 8 in Transmutations
  4955 | D:5      | Reached * piety under Cheibriados
  4956 | D:5      | Reached skill level 9 in Transmutations
  4968 | D:5      | HP: 1/64 [killer bee (6)]
  4969 | D:5      | Succumbed to a killer bee's poison

Illustrated notes

Levels and vault maps discovered:
D:1:      dpeg_arrival_connections, layout_basic,
          shapermc_ecumenical_altar_acropolis
D:2:      layout_loops_cross, minmay_tiny_reverse_x
D:3:      layout_basic, mainiacjoe_overflow_cross_hatched,
          amcnicky_altar_gilded, kennysheep_doodads, uniq_jessica, uniq_grinder,
          uniq_natasha
D:5:      layout_basic, nicolae_qazlal_scattered_showers,
          minmay_temple_entry_tees, gup_sewer_entry_spiral,
          nicolae_ossuary_entry_giza, minmay_increasing_density
D:6:      layout_loops_cross, amethyst_overflow_temple_binary,
          fedhas_bush_and_centaur_altar

Skill      XL: |  1  2  3  4  5  6  7  8 |
---------------+-------------------------+-----
Unarmed Combat | 4 |  4.2
Poison Magic   | 1 2 3 4 5 |  5.0
Transmutations | 4 5 7 9 |  9.1
Fighting       | |  1.0
Short Blades   | |  0.7
Dodging        | |  1.5
Stealth        | |  0.7
Spellcasting   | |  2.0
Evocations     | |  0.4

Action                   |  1- 3 |  4- 6 |  7- 9 || total
-------------------------+-------+-------+-------++-------
Melee: Unarmed           |    64 |    25 |   117 ||   206
       Headbutt          |     5 |     4 |       ||     9
       Punch             |     3 |     1 |       ||     4
       Dagger            |       |    25 |     8 ||    33
 Cast: Beastly Appendage |    20 |     4 |     2 ||    26
       Spider Form       |       |     3 |    11 ||    14
 Abil: Spit Poison       |    18 |     9 |     3 ||    30
Evoke: Wand              |       |     5 |       ||     5
  Use: Scroll            |       |     6 |     2 ||     8
       Potion            |       |       |     2 ||     2
 Stab: Sleeping          |     1 |       |     1 ||     2
Armor: Robe              |    12 |     4 |     3 ||    19
       Skin              |       |       |     4 ||     4
Dodge: Dodged            |    36 |    27 |   152 ||   215
